 Dungeon Crawl Stone Soup version 0.20.1-1-g8b1a95d (webtiles) character file.

4723 Gargoyl the Cleaver (level 10, -4/87 (88) HPs)
             Began as a Minotaur Abyssal Knight on Oct 19, 2017.
             Was a High Priest of Lugonu.
             Shot with an arrow by a centaur (11 damage)
             ... on level 8 of the Dungeon.
             The game lasted 00:14:54 (9284 turns).

Gargoyl the Cleaver (Minotaur Abyssal Knight)       Turns: 9284, Time: 00:14:54

HP:   -4/87 (88)    AC: 11    Str: 20    XL:     10   Next: 22%
MP:   13/13         EV: 13    Int:  9    God:    Lugonu [*****.]
Gold: 330           SH:  0    Dex: 11    Spells: 9/9 levels left

rFire    . . .     SeeInvis .   q - +1 war axe (vamp)
rCold    . . .     Gourm    .   (no shield)
rNeg     + + .     Faith    .   e - +3 ring mail {rPois}
rPois    +         Spirit   .   (helmet restricted)
rElec    +         Reflect  .   (no cloak)
rCorr    .         Harm     .   (no gloves)
MR       .....     Clarity  +   o - +0 pair of boots "Forget-Me-Not" {rElec rPois rN++ Stlth-}
Stlth    ..........             i - amulet of rage
Regen    0.3/turn               n - +3 ring of strength
MPRegen  0.2/turn               (no ring)

@: no status effects
A: retaliatory headbutt, horns 2, blurry vision 1, clarity, weak 1
a: Depart the Abyss, Bend Space, Banish, Corrupt, Enter the Abyss, Renounce
Religion, Evoke Berserk Rage


You were on level 8 of the Dungeon.
You worshipped Lugonu.
Lugonu was extremely pleased with you.
You were not hungry.

You visited 1 branch of the dungeon, and saw 8 of its levels.
You visited the Abyss 1 time.

You collected 330 gold pieces.

Inventory:

Hand Weapons
 a - a +1 hand axe
 q - a +1 vampiric war axe (weapon)
Armour
 e - a +3 ring mail of poison resistance (worn)
 o - the +0 pair of boots "Forget-Me-Not" (worn) {rElec rPois rN++ Stlth-}
   (You acquired it on level 7 of the Dungeon)

   It insulates you from electricity.
   It protects you from poison.
   It greatly protects you from negative energy.
   It makes you less stealthy.
Jewellery
 i - an amulet of rage (around neck)
 n - a +3 ring of strength (left hand)
Wands
 l - a wand of random effects (22/48)
 m - a wand of digging (8/24)
 r - a wand of confusion (29/48)
 s - a wand of confusion (7/48)
 u - a wand of disintegration (17/24)
 x - a wand of flame (16/48)
Scrolls
 b - a scroll of identify
 f - 7 scrolls of teleportation
 g - 2 scrolls of amnesia
 j - 3 scrolls of remove curse
 p - a scroll of recharging
Potions
 c - a potion of might
 d - a potion of brilliance
 k - 2 potions of flight
 t - 2 potions of curing
Comestibles
 h - a royal jelly
 v - 4 bread rations


   Skills:
 + Level 7.7 Fighting
 + Level 10.0 Axes
 * Level 10.0 Armour
 + Level 5.3 Dodging
 * Level 6.3 Invocations
 + Level 0.1 Evocations


You had 9 spell levels left.
You didn't know any spells.

Dungeon Overview and Level Annotations

Branches:
Dungeon (8/15)             Temple (0/1) D:7            Lair (0/6) D:8

Altars:
Xom
The Shining One

Shops:
D:5 *


Innate Abilities, Weirdness & Mutations

You reflexively headbutt those who attack you in melee.
You have a pair of horns on your head.
Scrolls take you a little longer to read.
You possess an exceptional clarity of mind.
You are weak. (Str -2)


Message History

The centaur shoots an arrow.
The arrow hits you.
You hit the two-headed ogre.
You feel better.
You headbutt the two-headed ogre.
The two-headed ogre is severely wounded.
The centaur shoots an arrow.
The arrow hits you! The two-headed ogre barely misses you.
The two-headed ogre hits you with a giant club!
* * * LOW HITPOINT WARNING * * *
Unknown command.
Space bends around you!
You blink.
The centaur shoots an arrow.
The arrow hits you.
* * * LOW HITPOINT WARNING * * *
The centaur shoots an arrow.
The arrow hits you.
* * * LOW HITPOINT WARNING * * *
You see here 2 arrows.
The centaur shoots an arrow.
The arrow barely misses you.
The leopard gecko skeleton closely misses you.
There is a stone staircase leading up here.
You see here an arrow.
Magic restored.
The centaur shoots an arrow.
The arrow hits you!
You die...

#.#.# #.#.
..#.#..#...........
#.#.#
#.#.##.#.#%....#........
#.#..
.......#.....(.#.#+#+###
..♣.. ≈...#..#.......#.#
....≈ ≈≈.P...#.......'..
P.. ≈≈.......#.#...###
#P.P ≈......O(c>.....
......aZ...######
.♣....(@.....#
#########.#.# .#.# .# #
.#


You could see a two-headed ogre, a centaur, a worker ant and a leopard gecko
skeleton.

Vanquished Creatures
  Pikel (D:4)
  A hippogriff (D:8)
  Sigmund (D:4)
  A yak (D:7)
  A spriggan (D:7)
  3 hungry ghosts
  2 basilisks (D:8)
  Duvessa (D:4)
  An ice beast (D:6)
  2 sky beasts
  A slave (D:4)
  2 orc warriors (D:7)
  2 black bears
  2 necrophages (D:7)
  4 centaurs
  5 ogres
  2 bullfrogs
  Dowan (D:4)
  3 scorpions
  2 crimson imps
  A bullfrog zombie (D:7)
  A quasit (D:7)
  2 orc wizards (D:6)
  2 bullfrog skeletons
  6 orc priests
  2 iguanas
  2 gnoll shamans
  3 worker ants
  2 hound skeletons
  A worker ant zombie (D:5)
  8 gnolls
  A howler monkey zombie (D:7)
  13 adders
  3 shadow imps
  2 oozes
  An adder skeleton (D:5)
  5 worms
  3 dart slugs
  5 leopard geckos
  12 orcs
  3 ball pythons
  7 giant cockroaches
  6 goblins
  7 hobgoblins
  14 jackals
  3 quokkas
  10 bats
  7 frilled lizards
  2 jackal skeletons
  3 kobolds
  A leopard gecko skeleton (D:6)
  9 rats
185 creatures vanquished.

Vanquished Creatures (others)
  A worker ant zombie (D:6)
1 creature vanquished.

Grand Total: 186 creatures vanquished

Notes
Turn   | Place    | Note
-------+----------+-------------------------------------------
     0 | Abyss:1  | Gargoyl the Minotaur Abyssal Knight began the quest for the Orb.
     0 | Abyss:1  | Reached XP level 1. HP: 19/19 MP: 1/1
    41 | Abyss:1  | Found a corrupted altar of Lugonu.
   100 | Abyss:2  | Noticed a ynoxinul
   136 | Abyss:2  | Noticed a ynoxinul
   137 | Abyss:2  | Noticed a thrashing horror
   137 | Abyss:2  | Noticed a wretched star
   139 | D:1      | Escaped the Abyss
   149 | D:1      | Reached * piety under Lugonu
   218 | D:1      | Reached XP level 2. HP: 27/27 MP: 2/2
   527 | D:1      | Reached XP level 3. HP: 30/34 MP: 3/3
  1043 | D:1      | Reached ** piety under Lugonu
  1224 | D:2      | Reached XP level 4. HP: 41/41 MP: 4/4
  1811 | D:2      | Found a glowing golden altar of the Shining One.
  1957 | D:3      | Reached skill level 5 in Fighting
  2128 | D:3      | Reached XP level 5. HP: 47/48 MP: 5/5
  2700 | D:4      | Reached *** piety under Lugonu
  2782 | D:4      | Noticed Sigmund
  2796 | D:4      | Killed Sigmund
  2796 | D:4      | Reached XP level 6. HP: 19/56 MP: 5/7
  3006 | D:4      | Noticed Duvessa
  3027 | D:4      | Killed Duvessa
  3027 | D:4      | Reached skill level 5 in Armour
  3044 | D:4      | Noticed Dowan
  3053 | D:4      | Killed Dowan
  3369 | D:4      | Reached skill level 5 in Axes
  3369 | D:4      | Reached XP level 7. HP: 49/61 MP: 8/8
  3583 | D:4      | Noticed Pikel
  4003 | D:4      | Killed Pikel
  4003 | D:4      | Reached XP level 8. HP: 24/70 MP: 8/10
  4647 | D:5      | Entered Level 5 of the Dungeon
  5293 | D:5      | Found Ziacsom's Assorted Antiques.
  6127 | D:6      | Reached **** piety under Lugonu
  6232 | D:6      | Reached skill level 5 in Invocations
  6232 | D:6      | Reached XP level 9. HP: 57/75 MP: 11/11
  7511 | D:7      | Identified a scroll of acquirement
  7512 | D:7      | Got a pair of smoking boots
  7518 | D:7      | Identified the +0 pair of boots "Forget-Me-Not" {rElec rPois rN++ Stlth-} (You acquired it on level 7 of the Dungeon)
  7539 | D:7      | Found a shimmering altar of Xom.
  7936 | D:7      | Found a staircase to the Ecumenical Temple.
  8139 | D:7      | Reached skill level 5 in Dodging
  8300 | D:7      | Gained mutation: Scrolls take you a little longer to read. [mutagenic meat]
  8301 | D:7      | Gained mutation: You possess an exceptional clarity of mind. [mutagenic meat]
  8302 | D:7      | Gained mutation: You are weak. (Str -2) [mutagenic meat]
  8411 | D:8      | Reached ***** piety under Lugonu
  8417 | D:8      | Found a staircase to the Lair.
  8463 | D:7      | Reached XP level 10. HP: 41/85 MP: 13/13
  8987 | D:8      | Reached skill level 10 in Armour
  9034 | D:8      | Reached skill level 10 in Axes
  9271 | D:8      | Noticed a two-headed ogre
  9284 | D:8      | Shot with an arrow by a centaur

Skill      XL: |  1  2  3  4  5  6  7  8  9 10 |
---------------+-------------------------------+-----
Fighting       | 4 5 6 7 |  7.7
Invocations    | 2 3 4 5 6 |  6.3
Armour         | 3 4 5 6 8 9 10 | 10.0
Axes           | 3 4 5 7 9 10 | 10.0
Dodging        | 2 3 4 5 |  5.3
Evocations     | |  0.1

Action                   |  1- 3 |  4- 6 |  7- 9 | 10-12 || total
-------------------------+-------+-------+-------+-------++-------
Melee: Hand axe          |    77 |   118 |   322 |       ||   517
       Headbutt          |     8 |    20 |    76 |    12 ||   116
       Unarmed           |       |       |     6 |       ||     6
       War axe           |       |       |   114 |    42 ||   156
Invok: Depart the Abyss  |     1 |       |       |       ||     1
       Bend Space        |       |       |       |     1 ||     1
Evoke: Wand              |       |       |     1 |       ||     1
  Use: Scroll            |     5 |     2 |    10 |       ||    17
       Potion            |       |     3 |     2 |       ||     5
  Eat: Chunk             |     1 |     7 |    14 |     2 ||    24
       Bread ration      |       |       |     2 |     1 ||     3
       Royal jelly       |       |       |     2 |       ||     2
       Meat ration       |       |       |     1 |       ||     1
Armor: Leather armour    |    26 |       |       |       ||    26
       Ring mail         |     1 |    35 |   153 |    35 ||   224
       Skin              |       |       |    31 |       ||    31
Dodge: Dodged            |    57 |    89 |   274 |    29 ||   449
